 Dungeon Crawl Stone Soup version v1.3-6-gcec1249 (webtiles) character file.

9 12572944 the Ducker (level 2, 19/20 HPs)
             Began as an Oni Fire Elementalist on Oct 4, 2018.
             Quit the game on level 1 of the Dungeon.
             The game lasted 00:03:40 (619 turns).

12572944 the Ducker (Oni Fire Elementalist)          Turns: 619, Time: 00:03:41

Health: 19/20      AC:  2    Str: 11    XL:     2   Next: 12%
Magic:  6/6        EV: 12    Int: 16    God:
Gold:   31         SH:  0    Dex: 11    Spells: 0/4 levels left

rFire    . . .     SeeInvis .   (no weapon)
rCold    . . .     Gourm    .   (no shield)
rNeg     . . .     Faith    .   a - +0 animal skin
rPois    .         Spirit   .   (helmet restricted)
rElec    .         Reflect  .   (no cloak)
rCorr    .         Harm     .   (no gloves)
MR       .....                  (no boots)
Stlth    ++........             b - amulet of rage
HPRegen  0.06/turn              (no ring)
MPRegen  0.10/turn              (no ring)

@: no status effects
A: oni magic, claws 1, fangs 1, horns 1
a: Evoke Berserk Rage


You were on level 1 of the Dungeon.
You were not hungry.

You visited 1 branch of the dungeon, and saw 1 of its levels.

You collected 31 gold pieces.

Inventory:

Hand Weapons
 d - a +0 dagger
 e - a +0 short sword
Armour
 a - a +0 animal skin (worn)
Jewellery
 b - an amulet of rage (around neck)
Scrolls
 f - a scroll of noise {unknown}
 i - a scroll of identify {unknown}
Potions
 g - a potion of flight {unknown}
Comestibles
 c - a ration
 h - a chunk of flesh


   Skills:
 * Level 2.1 Dodging
 + Level 1.8 Stealth
 + Level 1.5 Spellcasting


You couldn't memorise any spells.
You knew the following spells:

 Your Spells              Type           Power        Failure   Level  Hunger
a - Flame Tongue          Conj/Fire      #....        12%         1    ##.....
b - Beastly Appendage     Tmut           #.....       11%         1    ##.....
c - Throw Flame           Conj/Fire      #.....       17%         2    ###....

Your spell library contained the following spells:

 Spells                   Type           Power        Failure   Level  Hunger
 Fireball                 Conj/Fire      #.........   97%         5    ######.
 Conjure Flame            Conj/Fire      #.......     34%         3    ####...
 Sticky Flame             Conj/Fire      #.......     75%         4    #####..
 Inner Flame              Hex/Fire       #.......     34%         3    ####...


Dungeon Overview and Level Annotations

Branches:
Dungeon (1/12)

Altars:

Annotations:
D:1 1 runed door


Innate Abilities, Weirdness & Mutations

You learn spells by gaining experience, not through books or religion.
You only train spellcasting to practice magic.
You have sharp fingernails.
You have very sharp teeth.
You have a pair of small horns on your head.


Message History

Aim: a rat The flame tongue hits the rat.
You kill the rat!
The bat hits you.
Casting: Flame Tongue (safe; 12% risk of failure)
Confirm with . or Enter, or press ? or * to list all spells.
Aiming: Flame Tongue (safe; 12% risk of failure)
Press: ? - help, Shift-Dir - straight line, f - bat
Aim: a bat (severely wounded)
The flame tongue hits the bat.
You kill the bat!
You see here a bat corpse.
You butcher the bat corpse.
h - a chunk of flesh
i - a scroll labeled WUWKUDIROOG You start resting.
Your magical contamination has completely faded away.
You start resting.
Magic restored.
Are you sure you want to abandon this character and quit the game? (Confirm with "yes".)

#.# #.# #.# #.#########
#.........##
#..........#######
#.............$...
#................. ##
#.........@....... .##
#................. ..#
#.................
#.#####.............###.
......................
...###########..###.#.#
##.## #.## .#.# ##..####
#.# #.....#.. .#......
.....#..


There were no monsters in sight!

Vanquished Creatures
  3 bats (D:1)
  A hobgoblin (D:1)
  4 kobolds (D:1)
  2 rats (D:1)
10 creatures vanquished.

Notes
Turn   | Place    | Note
-------+----------+-------------------------------------------
     0 | D:1      | 12572944 the Oni Fire Elementalist began the quest for the Orb.
     0 | D:1      | Reached XP level 1. HP: 14/14 MP: 4/4
     1 | D:1      | Found a runed door.
   254 | D:1      | Reached skill level 2 in Dodging
   472 | D:1      | Reached XP level 2. HP: 12/20 MP: 1/6
   475 | D:1      | Learned a level 1 spell: Beastly Appendage
   478 | D:1      | Learned a level 2 spell: Throw Flame
   619 | D:1      | Quit the game

Skill      XL: |  1 |
---------------+----+-----
Dodging        | 2 |  2.1
Stealth        | |  1.8
Spellcasting   | |  1.5

Action                   || total
-------------------------++-------
Melee: Unarmed           ||     7
       Headbutt          ||     2
 Cast: Flame Tongue      ||    11
       Throw Flame       ||     1
 Stab: Sleeping          ||     1
Armor: Animal skin       ||     2
Dodge: Dodged            ||     6
